 Dungeon Crawl Stone Soup version 0.21-a0-584-g185da8e (webtiles) character file.

147 SpeedyPerson7 the Chopper (level 5, -1/48 HPs)
             Began as a Minotaur Berserker on Dec 21, 2017.
             Was a Follower of Trog.
             Killed from afar by Natasha (7 damage)
             ... with a magic dart
             ... on level 4 of the Dungeon.
             The game lasted 00:01:21 (880 turns).

SpeedyPerson7 the Chopper (Minotaur Berserker)       Turns: 880, Time: 00:01:21

Health: -1/48      AC:  8    Str: 22    XL:     5   Next: 7%
Magic:  4/4        EV: 11    Int:  6    God:    Trog [*.....]
Gold:   48         SH:  0    Dex: 10    Spells: 4/4 levels left

rFire    . . .     SeeInvis .   a - +0 hand axe
rCold    . . .     Gourm    .   (no shield)
rNeg     . . .     Faith    .   d - +0 ring mail
rPois    .         Spirit   .   (helmet restricted)
rElec    .         Reflect  .   c - +2 cloak
rCorr    .         Harm     .   (no gloves)
MR       .....                  (no boots)
Stlth    ..........             (no amulet)
HPRegen  0.16/turn              j - +2 ring of intelligence
MPRegen  0.09/turn              (no ring)

@: berserk cooldown, slowed, very slow
A: retaliatory headbutt, horns 2
a: Berserk, Burn Spellbooks, Renounce Religion


You were on level 4 of the Dungeon.
You worshipped Trog.
Trog was aware of your devotion.
You were not hungry.

You visited 1 branch of the dungeon, and saw 4 of its levels.

You collected 48 gold pieces.

Inventory:

Hand Weapons
 a - a +0 hand axe (weapon)
Armour
 b - a +0 animal skin
 c - a +2 cloak (worn)
 d - a +0 ring mail (worn)
Jewellery
 h - a cursed amulet of inaccuracy {unknown}
 j - a +2 ring of intelligence (left hand)
Scrolls
 g - a scroll of blinking {unknown}
 i - a scroll of immolation {unknown}
 l - a scroll of amnesia {unknown}
 o - a scroll of identify {unknown}
Potions
 f - a potion of magic {unknown}
 k - a potion of might
 m - a potion of flight {unknown}
 n - a potion of heal wounds {unknown}
Comestibles
 e - 3 rations


   Skills:
 + Level 5.0 Fighting
 * Level 6.1 Axes
 - Level 2.4 Armour
 - Level 2.1 Dodging


You had 4 spell levels left.
You didn't know any spells.

Dungeon Overview and Level Annotations

Branches:
Dungeon (5/15)
 Temple: D:4-7

Altars:
Makhleb

Annotations:
D:4 Natasha


Innate Abilities, Weirdness & Mutations

You reflexively headbutt those who attack you in melee.
You have a pair of horns on your head.


Message History

Natasha claws you.
* * * LOW HITPOINT WARNING * * *
You finish putting on your +2 cloak.
You're still recovering from your berserk rage.
Okay, then.
Unknown command.
You aren't carrying any items that you can evoke.
Natasha barely misses you. You furiously retaliate!
You headbutt Natasha! Natasha completely misses you. You furiously retaliate!
You headbutt Natasha. Natasha casts a spell at you.
You feel as though you will be slow longer.
You closely miss Natasha. Your headbutt misses Natasha.
Natasha is severely wounded.
Natasha casts a spell at you. You resist with some effort.
You hit Natasha.
Natasha is almost dead.
Natasha stares at you and mumbles some strange words.
The magic dart hits you!
You die...

... #.....## #.# .#
#...###..#...## #.# ...
#........)....###.# ..#.
#.(.##..##)....##.###....
##....##...#...........# .
#........#.#.#.>....$..##..
........#.#.##...........
........#h#.##........##!
###.....@............##
#..........$.....$..#
#....#.##.#............
#....#.##.#...........#
#.........#............
#.....................#
#......................
#(.......#.#.####.#......
....##.........# #.#......


You could see Natasha.

Vanquished Creatures
  An iguana (D:4)
  An orc wizard (D:4)
  Natasha (D:4)
  A worker ant (D:4)
  2 adders (D:2)
  A dart slug (D:1)
  3 orcs (D:4)
  4 bats
  3 goblins
  A hobgoblin (D:1)
  A jackal (D:1)
  A quokka (D:4)
  3 kobolds
  3 rats
26 creatures vanquished.

Notes
Turn   | Place    | Note
-------+----------+-------------------------------------------
     0 | D:1      | SpeedyPerson7 the Minotaur Berserker began the quest for the Orb.
     0 | D:1      | Reached XP level 1. HP: 19/19 MP: 0/0
    98 | D:1      | Reached skill level 4 in Axes
   109 | D:1      | Reached XP level 2. HP: 23/27 MP: 1/1
   341 | D:2      | Reached XP level 3. HP: 26/33 MP: 2/2
   532 | D:2      | Found a burning altar of Makhleb.
   578 | D:2      | You fall through a shaft for 2 floors!
   594 | D:4      | Noticed Natasha
   603 | D:4      | Killed Natasha
   603 | D:4      | Reached skill level 5 in Axes
   611 | D:4      | Reached XP level 4. HP: 11/41 MP: 3/3
   616 | D:5      | Entered Level 5 of the Dungeon
   859 | D:4      | Reached skill level 5 in Fighting
   859 | D:4      | Reached skill level 6 in Axes
   859 | D:4      | Reached XP level 5. HP: 29/48 MP: 4/4
   869 | D:4      | Noticed Natasha
   880 | D:4      | Killed from afar by Natasha

Vault maps used:
D:1:      co_arrival_random_square_maze, minmay_nonomino_d4
D:2:      kiku_gazebo_garden_becter, first_ration, bloody_makhleb, uniq_robin,
          uniq_jessica, uniq_crazy_yiuf_cottage
D:4:      uniq_pikel, uniq_natasha
D:5:      minmay_misc_feat_columns

Skill      XL: |  1  2  3  4 |
---------------+-------------+-----
Axes           | 4 5 6 |  6.1
Fighting       | 4 5 |  5.0
Armour         | |  2.4
Dodging        | |  2.1

Action                   |  1- 3 |  4- 6 || total
-------------------------+-------+-------++-------
Melee: Hand axe          |    49 |    13 ||    62
       Headbutt          |     8 |     2 ||    10
Invok: Berserk           |     1 |     1 ||     2
  Eat: Ration            |       |     1 ||     1
       Chunk             |       |     1 ||     1
Armor: Ring mail         |    18 |     3 ||    21
Dodge: Dodged            |    39 |     7 ||    46

Table legend:
 A = Spawn XP
 B = Non-spawn XP
 C = Spawn XP percentage of total XP
 D = Spawn monster count
 E = Non-spawn monster count
 F = Spawn count percentage of total count
 G = Total turns spent on level
                    A         B        C        D         E        F      G
               +---------+---------+-------+---------+---------+-------+---------
         Total |       0 |     210 |   0.0 |       0 |      26 |   0.0 |   880
               +---------+---------+-------+---------+---------+-------+---------
           D:1 |       0 |      20 |   0.0 |       0 |      12 |   0.0 |   333
           D:2 |       0 |      34 |   0.0 |       0 |       6 |   0.0 |   245
           D:4 |       0 |     156 |   0.0 |       0 |       8 |   0.0 |    73
               +---------+---------+-------+---------+---------+-------+---------
